 Dungeon Crawl Stone Soup version 0.31.0-7-gf635a9b802 (webtiles) character file.

Game seed: 4466823522058166317

132 petercordia the Shooter (level 4, -1/38 HPs)
             Began as a Draconian Hunter on Jan 23, 2024.
             Slain by Crazy Yiuf
             ... wielding a +2 quarterstaff of chaos
              (11 damage)
             ... on level 3 of the Dungeon.
             The game lasted 00:04:31 (2380 turns).

petercordia the Shooter (Draconian Hunter)          Turns: 2380, Time: 00:04:32

Health: -1/38      AC:  5    Str: 13    XL:     4   Next: 92%
Magic:  4/4        EV: 13    Int:  9    God:
Gold:   146        SH:  0    Dex: 17    Spells: 3/3 levels left

rFire   . . .        a - +0 shortbow
rCold   . . .        (shield currently unavailable)
rNeg    . . .        (body armour unavailable)
rPois   .            (helmet restricted)
rElec   .            (no cloak)
rCorr   +            (no gloves)
SInv    +            (no boots)
Will    .....        (no amulet)
Stlth   ++           g - ring of resist corrosion
HPRegen 0.26/turn    m - ring of see invisible
MPRegen 0.09/turn

%: no passive effects
@: no status effects
A: AC +5, unfitting armour, cold-blooded
a: no special abilities


You were on level 3 of the Dungeon.
You visited 1 branch of the dungeon, and saw 3 of its levels.

You collected 146 gold pieces.

Inventory:

Hand Weapons
 a - a +0 shortbow (weapon)
Missiles
 h - 32 stones
 i - 7 boomerangs
Jewellery
 c - a ring of ice
 g - a ring of resist corrosion (left hand)
 m - a ring of see invisible (right hand)
 o - a ring of ice
 q - a +4 ring of protection
Talismans
 e - a dragon-blood talisman
Wands
 t - a wand of charming (5)
Scrolls
 b - a scroll of butterflies
 d - 3 scrolls of identify {unknown}
 f - 3 scrolls of enchant armour {unknown}
 j - a scroll of enchant weapon {unknown}
 n - a scroll of vulnerability {unknown}
 s - a scroll of fog {unknown}
 w - 2 scrolls of amnesia {unknown}
Potions
 k - a potion of curing {unknown}
 l - 2 potions of brilliance {unknown}
 p - a potion of heal wounds {unknown}
 r - a potion of cancellation {unknown}
 u - a potion of invisibility {unknown}
 v - a potion of mutation {unknown}


   Skills:
 * Level 3.2 Fighting
 - Level 4.6 Ranged Weapons
 * Level 2.5 Dodging
 * Level 2.0 Stealth


You had 3 spell levels left.
You didn't know any spells.
Your spell library contained the following spells:

 Spells                   Type           Power      Damage    Failure   Level
 Apportation              Tloc           0%         N/A       38%         1
 Jinxbite                 Hex            0%         N/A       52%         2
 Call Canine Familiar     Summ           0%         N/A       77%         3
 Sigil of Binding         Hex            0%         N/A       77%         3
 Dimensional Bullseye     Hex/Tloc       0%         N/A       99%         4
 Alistair's Intoxication  Alch           0%         N/A       100%        5
 Summon Forest            Summ/Tloc      0%         N/A       100%        5
 Yara's Violent Unravell  Hex/Alch       0%         3d3       100%        5
 Enfeeble                 Hex            0%         N/A       100%        7
 Disjunction              Tloc           0%         N/A       100%        8


Dungeon Overview and Level Annotations

Branches:
Dungeon (3/15)

Altars:
Vehumet

Annotations:
D:3 Crazy Yiuf


Innate Abilities, Weirdness & Mutations

Your plain brown scales are hard. (AC +5)
You cannot fit into any form of body armour.
You are cold-blooded and may be slowed by cold attacks.


Message History

a quokka corpse; a ball python skeleton
Press: ? - help, v - describe, . - travel
Here: Crazy Yiuf, wielding a +2 quarterstaff of chaos and wearing a +0 cloak (wandering, hasn't noticed you, fire blocked by a runed translucent door)
The floor.
Unknown command.
Unknown command.
Unknown command.
You open the door. You shoot an arrow. The arrow hits Crazy Yiuf.
Crazy Yiuf is lightly wounded.
You shoot an arrow. The arrow hits Crazy Yiuf.
Crazy Yiuf is heavily wounded.
You shoot an arrow. The arrow completely misses Crazy Yiuf.
Crazy Yiuf completely misses you.
You shoot an arrow. The arrow hits Crazy Yiuf!
Crazy Yiuf is severely wounded.
Crazy Yiuf hits you with a +2 quarterstaff of chaos.
You shoot an arrow. The arrow barely misses Crazy Yiuf.
Crazy Yiuf hits you with a +2 quarterstaff of chaos!
Crazy Yiuf draws strength from your wounds!
You shoot an arrow. The arrow completely misses Crazy Yiuf.
Crazy Yiuf says, "Tosser!
Buddy alas tired."
Crazy Yiuf hits you with a +2 quarterstaff of chaos!
Crazy Yiuf draws strength from your wounds!
You are too injured to fight recklessly!
Fire: a) +0 shortbow
Press: ? - help, Q - select action, (/) - cycle Shift-Dir - straight line, f/p - Crazy Yiuf
Aim: Crazy Yiuf, wielding a +2 quarterstaff of chaos and wearing a +0 cloak (moderately wounded, 66% to hit)
You shoot an arrow. The arrow hits Crazy Yiuf!
Crazy Yiuf is severely wounded.
Crazy Yiuf hits you with a +2 quarterstaff of chaos.
* * * LOW HITPOINT WARNING * * *
Fire: a) +0 shortbow
Press: ? - help, Q - select action, (/) - cycle Shift-Dir - straight line, f/p - Crazy Yiuf
Aim: Crazy Yiuf, wielding a +2 quarterstaff of chaos and wearing a +0 cloak (severely wounded, 66% to hit)
You shoot an arrow. The arrow hits Crazy Yiuf.
Crazy Yiuf is almost dead.
Crazy Yiuf says, "Announcement pontify canine!"
Crazy Yiuf hits you with a +2 quarterstaff of chaos!
You die...

### ..####### ........#
..############# ### .##
###....#.### ### ########..
.# ##.......#..##...#
#........#
.####.......####@g...#
########## .....#.....##
###..)# ###.#)..#### ###
###.##.## .......##
........#############
##..###.#.........#.#
##..###....#.##.###.########
.............##.###........#


You could see Crazy Yiuf.

Vanquished Creatures
  A bombardier beetle (D:3)
  An orc priest (D:3)
  An adder (D:2)
  3 dart slugs
  3 orcs (D:3)
  3 endoplasms (D:1)
  3 giant cockroaches (D:1)
  5 goblins
  4 hobgoblins
  3 jackals (D:1)
  2 quokkas
  5 ball pythons
  4 bats
  A frilled lizard (D:1)
  5 kobolds
  2 rats (D:2)
46 creatures vanquished.

Notes
Turn   | Place    | Note
-------+----------+-------------------------------------------
     0 | D:1      | petercordia the Draconian Hunter began the quest for the
                  | Orb.
     0 | D:1      | Reached XP level 1. HP: 17/17 MP: 1/1
    93 | D:1      | Reached skill level 1 in Stealth
   208 | D:1      | Reached XP level 2. HP: 25/25 MP: 2/2
   375 | D:1      | Reached skill level 4 in Ranged Weapons
   983 | D:2      | Reached XP level 3. HP: 30/30 MP: 3/3
  1032 | D:2      | Found a radiant altar of Vehumet.
  1445 | D:2      | Got the Vellum of Topology
  1708 | D:3      | Reached XP level 4. HP: 25/37 MP: 4/4
  2071 | D:3      | Found a runed translucent door.
  2072 | D:3      | Noticed Crazy Yiuf
  2380 | D:3      | Slain by Crazy Yiuf

Illustrated notes

Levels and vault maps discovered:
D:1:      zelgadis_glass_arrival_large, layout_basic
D:2:      layout_basic, basic_altar
D:3:      layout_loops_ring, minivault_19, uniq_crazy_yiuf_cottage

Skill      XL: |  1  2  3  4 |
---------------+-------------+-----
Stealth        | 1 2 |  2.0
Ranged Weapons | 4 |  4.6
Dodging        | 2 |  2.5
Fighting       | 3 |  3.2

Action                     |  1- 3 |  4- 6 || total
---------------------------+-------+-------++-------
   Fire: Shortbow          |    96 |    36 ||   132
 Armour: Skin              |    13 |     8 ||    21
  Dodge: Dodged            |    17 |     7 ||    24
         Form:             |       |     1 ||     1
         Dragon            |       |     1 ||     1
